AoeStats
← Barón de la Cerveza

Enclosed

505335991Analyzed
1v1 RM · 25d ago on Sep 8, 2026· 28m 24s· 2 players
Game mode
Random Map
Map size
Tiny (2 player)
Population
200
Speed
Normal
Resources
Standard
Victory
Conquest
Starting age
Dark Age
Ending age
Imperial Age
RankedLock teamsTeams togetherTeam positionsShared explorationLock speedFull tech treeHidden civsTurbo modeCheats
Victory
Defeat
🇲🇽 Teutons · Mexico
1786
+13
🇦🇷 Portuguese · Argentina
1724
-13
巨大豚
6:52 Loom
9:01 Feudal Age
9:51 Town Watch
12:55 Fletching
16:44 Double-Bit Axe
24:11 Castle Age
22:23 Horse Collar
24:15 Bloodlines
25:42 Husbandry
27:38 Scale Barding Armor
Barón de la Cerveza
6:26 Loom
9:18 Feudal Age
9:47 Man-at-Arms
15:21 Horse Collar
21:29 Double-Bit Axe
25:57 Castle Age
24:37 Scale Barding Armor
24:33 Gold Mining
26:38 Wheelbarrow
26:20 Bloodlines
27:30 Chain Barding Armor
Connection lost

Rejoining the realm…

Still unreachable

The connection could not be restored.

Session expired

The server has moved on; the page needs a fresh start.